 Dungeon Crawl Stone Soup version 0.26-a0-712-ga5a9c9c9d0 (webtiles) character file.

Game seed: 5541699478830212747

6062 kae the Martial Artist (level 10, -12/62 HPs)
             Began as an Octopode Transmuter on Nov 6, 2020.
             Was a Follower of Hepliaklqana.
             Mangled by a two-headed ogre
             ... wielding a +0 dire flail
              (23 damage)
             ... on level 8 of the Dungeon.
             The game lasted 00:13:12 (13436 turns).

kae the Martial Artist (Octopode Transmuter)       Turns: 13436, Time: 00:13:12

Health: -12/62     AC:  3    Str: 13    XL:     10   Next: 87%
Magic:  8/13       EV: 16    Int: 21    God:    Hepliaklqana [*.....]
Gold:   1350       SH:  0    Dex: 13    Spells: 2/15 levels left

rFire    . . .     SeeInvis .     - Unarmed
rCold    . . .     Faith    .   (shield currently unavailable)
rNeg     . . .     Spirit   .   m - +2 hat
rPois    .         Reflect  .   (no amulet)
rElec    .         Harm     .   n - +6 ring of intelligence
rCorr    .         Rampage  .   (no ring)
MR       .....     Rnd*Rage +   (no ring)
Stlth    ++........             (no ring)
HPRegen  0.20/turn              (no ring)
MPRegen  0.13/turn              (no ring)
                                (no ring)
                                (no ring)

@: blade tentacles, berserk cooldown, slowed, very slow
A: almost no armour, stealthy swim, amphibious, 8 rings, constrict 8, reduced
essence, camouflage 1, berserk 1, deterioration 1, low mp 1, gelatinous body 1
a: End Transformation, Recall Ancestor, Ancestor Identity, Renounce Religion


You were on level 8 of the Dungeon.
You worshipped Hepliaklqana.
Hepliaklqana was aware of your devotion.
You had blades for tentacles.
You visited 2 branches of the dungeon, and saw 9 of its levels.
You also visited: Bailey.

You collected 1350 gold pieces.

Inventory:

Armour
 m - a +2 hat (worn)
Jewellery
 f - an uncursed ring of fire
 n - a +6 ring of intelligence (left scythe-like blade)
 o - an uncursed ring of ice
Wands
 r - a wand of flame (10)
Scrolls
 b - 3 scrolls of teleportation
 c - a scroll of remove curse
 h - a scroll of blinking
 j - 2 scrolls of fog
 l - 2 scrolls of fear
 t - a scroll of magic mapping
 u - a scroll of amnesia
Potions
 a - 2 potions of curing
 d - a potion of berserk rage {unknown}
 e - a potion of haste
 g - a potion of invisibility
 k - a potion of might
 p - a potion of cancellation
 q - 2 potions of magic
 w - 2 potions of lignification {unknown}


   Skills:
 + Level 6.3 Fighting
 + Level 6.5 Dodging
 * Level 9.6 Unarmed Combat
 - Level 3.0 Spellcasting
 * Level 9.3 Transmutations
 - Level 2.0 Ice Magic
 - Level 2.0 Poison Magic


You had 2 spell levels left.
You knew the following spells:

 Your Spells              Type           Power        Failure   Level
a - Beastly Appendage     Tmut           #####.       10%         1
b - Spider Form           Tmut/Pois      ####......   30%         3
c - Blade Hands           Tmut           #####.....   43%         5
d - Ice Form              Ice/Tmut       ####....     52%         4

Your spell library contained the following spells:

 Spells                   Type           Power        Failure   Level
 Wereblood                Tmut           #####...     11%         2
 Corona                   Hex            #......      52%         1
 Summon Small Mammal      Summ           #...         52%         1
 Ensorcelled Hibernation  Hex/Ice        #.....       52%         2
 Call Imp                 Summ           #.......     63%         2
 Call Canine Familiar     Summ           #.......     78%         3
 Confusing Touch          Hex            #.......     78%         3
 Dazzling Flash           Conj/Hex       #.....       78%         3
 Summon Guardian Golem    Hex/Summ       #.......     78%         3
 Tukima's Dance           Hex            #.......     78%         3
 Summon Ice Beast         Ice/Summ       #.......     94%         4
 Summon Lightning Spire   Summ/Air       #.......     98%         4


Dungeon Overview and Level Annotations

Branches:
Dungeon (8/15)             Temple (1/1) D:6          Bailey (visited)
   Lair: D:8-11

Altars:
Ashenzari
Cheibriados
Dithmenos
Elyvilon
Fedhas
Gozag
Hepliaklqana
Kikubaaqudgha
Makhleb
Nemelex Xobeh
Okawaru
Qazlal
Ru
Sif Muna
Trog
Uskayaw
Vehumet
Wu Jian
Xom
Yredelemnul
Zin
The Shining One

Shops:
D:6 :

Annotations:
D:8 exclusion: two-headed ogre


Innate Abilities, Weirdness & Mutations

You cannot wear most types of armour.
You are very stealthy in the water. (Stealth+)
You are amphibious.
You can wear up to eight rings at the same time.
You can use your tentacles to constrict eight enemies at once.
Your skin changes colour to match your surroundings (Stealth+).
Your rubbery body absorbs attacks. (AC +1, EV +1)
Your life essence is reduced to manifest your ancestor. (-10% HP)
You tend to lose your temper in combat.
Your body sometimes deteriorates upon taking damage.
Your magical capacity is low. (-10% MP)


Message History

You feel your anger nearly subside.
You are no longer berserk.
You are exhausted.
You feel yourself slow down.
You start resting.
The sentinel's mark upon you fades away.
You start resting.
A two-headed ogre is nearby!
Casting: Blade Hands (dangerous; 9% risk of failure)
Confirm with . or Enter, or press ? or * to list all spells.
Your tentacles turn into razor-sharp scythe blades.
You hit the two-headed ogre. You squeeze the two-headed ogre.
The two-headed ogre is moderately wounded.
The two-headed ogre hits you with a +0 dire flail!!
The two-headed ogre closely misses you.
Publius hits the two-headed ogre.
You slash the two-headed ogre!
The two-headed ogre is severely wounded.
The two-headed ogre hits you with a +0 dire flail!!
* * * LOW HITPOINT WARNING * * *
The two-headed ogre hits you with a +0 giant spiked club!!
You die...

##.....†......#..,,,,,
#####...........,,,,<
##.........,,,,,*
#***####.........,,,***
#..##..##...###.#*,**
#......#...####.#.,,*
**,,,#....?.......,,**
**,,##.R....##.###*,,**
*,,,#.@O...#...#***,,,*
*#..........†..(..#,,,,,
*#.............#.#..,,,,,
**..............###,.,,,,,
*,..............#***,,,**,
**,...##..>.......*,,**,***
*,,...*#.......#...,,,,,* *
**,..,*#..###.####..,,,>*
********** *** **,,,,***


You could see the friendly Publius the ancestor and a two-headed ogre.

Vanquished Creatures
  2 orc knights (Bailey)
  Pikel (D:6)
  2 kobold demonologists (Bailey)
  A steam dragon (D:8)
  Duvessa (D:6)
  6 orc warriors
  A phantom (D:4)
  4 ogres
  3 lemures (D:6)
  A big kobold (D:7)
  6 bullfrogs
  Dowan (D:6)
  A water moccasin skeleton (D:6)
  2 scorpions
  3 wights (D:7)
  3 electric eels (Bailey)
  A howler monkey (D:5)
  A bullfrog zombie (D:7)
  6 orc priests
  2 hounds
  2 gnoll shamans
  3 orc wizards
  An iguana (D:6)
  6 worker ants
  A killer bee zombie (D:7)
  A howler monkey zombie (D:8)
  23 gnolls
  11 adders
  2 shadow imps
  A white imp (D:5)
  2 ufetubi
  An ooze (D:1)
  4 adder skeletons
  An adder zombie (D:6)
  3 worms
  7 leopard geckos
  30 orcs
  A giant cockroach (D:1)
  17 goblins
  11 hobgoblins
  4 jackals (D:6)
  19 kobolds
  3 quokkas
  3 ball pythons
  6 bats
  3 frilled lizards
  A leopard gecko skeleton (D:8)
  3 quokka zombies
  6 rats
224 creatures vanquished.

Vanquished Creatures (collateral kills)
  An orc knight (Bailey)
  2 orc warriors (Bailey)
  A phantom (D:7)
  A wight (D:7)
  2 electric eels (Bailey)
  A centaur zombie (D:7)
  An iguana (D:8)
  2 gnolls (Bailey)
  4 orcs
  A hobgoblin (Bailey)
  A quokka (D:7)
17 creatures vanquished.

Vanquished Creatures (others)
  3 ancestors (Bailey)
  4 plants (D:6)
7 creatures vanquished.

Grand Total: 248 creatures vanquished

Notes
Turn   | Place    | Note
-------+----------+-------------------------------------------
     0 | D:1      | kae the Octopode Transmuter began the quest for the Orb.
     0 | D:1      | Reached XP level 1. HP: 13/13 MP: 3/3
    60 | D:1      | Reached XP level 2. HP: 17/18 MP: 5/5
  1129 | D:2      | Reached XP level 3. HP: 19/23 MP: 4/6
  1214 | D:2      | Learned a level 3 spell: Spider Form
  1631 | D:2      | Reached XP level 4. HP: 18/28 MP: 7/7
  1999 | D:2      | Found a glowing golden altar of the Shining One.
  1999 | D:2      | Found a stormy altar of Qazlal.
  2000 | D:2      | Found a white marble altar of Elyvilon.
  2029 | D:2      | Found a shadowy altar of Dithmenos.
  3098 | D:3      | Reached XP level 5. HP: 31/34 MP: 6/8
  3354 | D:3      | Found a sparkling altar of Nemelex Xobeh.
  3354 | D:3      | Found an opulent altar of Gozag.
  3452 | D:3      | Found a snail-covered altar of Cheibriados.
  3454 | D:3      | Found a sacrificial altar of Ru.
  3455 | D:3      | Found a radiant altar of Vehumet.
  3456 | D:3      | Found a blossoming altar of Fedhas.
  4188 | D:4      | Reached XP level 6. HP: 39/39 MP: 6/10
  4463 | D:4      | Reached skill level 1 in Poison Magic
  4874 | D:4      | Noticed a phantom
  4916 | D:4      | Killed a phantom
  4916 | D:4      | Reached XP level 7. HP: 45/45 MP: 6/11
  5440 | D:5      | Entered Level 5 of the Dungeon
  5677 | D:5      | Reached skill level 5 in Unarmed Combat
  6761 | D:6      | Found a staircase to the Ecumenical Temple.
  6799 | Temple   | Entered the Ecumenical Temple
  6878 | Temple   | Became a worshipper of Hepliaklqana the Forgotten
  7007 | D:6      | Reached skill level 5 in Transmutations
  7007 | D:6      | Reached XP level 8. HP: 43/46 MP: 8/12
  7468 | D:6      | Noticed Duvessa
  7480 | D:6      | Killed Duvessa
  7490 | D:6      | Noticed Dowan
  7497 | D:6      | Killed Dowan
  7533 | D:6      | Noticed Pikel
  7643 | D:6      | Killed Pikel
  7796 | D:6      | Found Pullool's Book Shop.
  7992 | D:6      | Reached XP level 9. HP: 33/52 MP: 10/13
  8402 | D:6      | Learned a level 5 spell: Blade Hands
  8407 | D:6      | Learned a level 4 spell: Ice Form
  8474 | D:6      | Found a bloodstained altar of Trog.
  8703 | D:6      | Found a burning altar of Makhleb.
  9353 | D:7      | Reached * piety under Hepliaklqana
  9391 | D:7      | Reached skill level 5 in Dodging
  9789 | D:7      | Reached skill level 5 in Fighting
 10392 | D:8      | Found a flagged portal.
 10426 | Bailey   | Entered a bailey
 10726 | Bailey   | Reached skill level 1 in Ice Magic
 11185 | Bailey   | Noticed a kobold demonologist
 11206 | Bailey   | Killed a kobold demonologist
 11206 | Bailey   | Reached XP level 10. HP: 12/59 MP: 12/14
 11456 | Bailey   | Noticed an orc knight
 11504 | Bailey   | Killed an orc knight
 11615 | Bailey   | Found an iron altar of Okawaru.
 11620 | Bailey   | Noticed a kobold demonologist
 11633 | Bailey   | Gained mutation: Your body sometimes deteriorates upon
                  | taking damage. [a neqoxec]
 11636 | Bailey   | Noticed a sun demon
 12168 | Bailey   | Noticed a smoke demon
 12267 | Bailey   | Noticed an orc knight
 12279 | Bailey   | Killed an orc knight
 12343 | Bailey   | Acquired 813 gold pieces
 12357 | Bailey   | Noticed a sixfirhy
 12381 | Bailey   | Gained mutation: You tend to lose your temper in combat. [a
                  | neqoxec]
 12384 | Bailey   | Gained mutation: Your magical capacity is low. (-10% MP) [a
                  | neqoxec]
 12600 | Bailey   | Noticed a soul eater
 12602 | Bailey   | Killed a kobold demonologist
 12603 | Bailey   | Noticed an orc knight
 12674 | Bailey   | Killed an orc knight
 13103 | D:8      | Noticed a two-headed ogre
 13436 | D:8      | Mangled by a two-headed ogre

Illustrated notes

Levels and vault maps discovered:
D:1:      scummos_arrival_simple_crosswalls, layout_basic
D:2:      layout_basic, nicolae_overflow_quartered_altars
D:3:      layout_rooms, grunt_temple_overflow_opulence, minitemple
D:4:      layout_loops_corners
D:5:      layout_basic, minivault_14
D:6:      minmay_skewed_foursquare, layout_loops_ring, kennysheep_mini_moat,
          lightli_temple_of_fire, minmay_temple_entry_gardened_gates,
          serial_shops, nicolae_shop_trees, uniq_pikel, uniq_duvessa
D:7:      layout_loops_ring, grunt_potential
D:8:      layout_cave_pools, enter_bailey_6, lemuel_statue_altar
Temple:   eino_temple_lava

Skill      XL: |  1  2  3  4  5  6  7  8  9 10 |
---------------+-------------------------------+-----
Transmutations | 3 4 5 6 8 9 |  9.3
Unarmed Combat | 4 5 6 8 9 |  9.6
Fighting       | 2 3 4 5 6 |  6.3
Dodging        | 3 4 5 6 |  6.5
Poison Magic   | 1 2 |  2.0
Spellcasting   | 3 |  3.0
Ice Magic      | 1 2 |  2.0

Action                   |  1- 3 |  4- 6 |  7- 9 | 10-12 || total
-------------------------+-------+-------+-------+-------++-------
Melee: Unarmed           |    63 |   162 |   304 |   110 ||   639
       Kick              |    10 |    18 |     7 |     1 ||    36
       Constrict         |    16 |    29 |    22 |    24 ||    91
       Tentacles         |     5 |    17 |    13 |    17 ||    52
       Punch             |     2 |     2 |     5 |     7 ||    16
 Cast: Beastly Appendage |    20 |    20 |     6 |     1 ||    47
       Spider Form       |       |     9 |    36 |     1 ||    46
       Blade Hands       |       |       |       |     7 ||     7
Invok: Recall Ancestor   |       |       |     1 |       ||     1
 Abil: End Transformatio |       |       |     1 |     1 ||     2
Evoke: Wand              |       |       |       |     7 ||     7
  Use: Scroll            |       |       |    21 |     1 ||    22
       Potion            |       |       |     3 |       ||     3
 Stab: Sleeping          |     2 |     2 |     5 |       ||     9
       Distracted        |       |       |     3 |     2 ||     5
Armor: Skin              |     4 |    10 |    13 |     5 ||    32
Dodge: Dodged            |    38 |   136 |   225 |    54 ||   453

Table legend: (Time is in decaauts)
 A = Elapsed time spent in this place.
 B = Non-inter-level travel time spent in this place.
 C = Inter-level travel time spent in this place.
 D = Time resting spent in this place.
 E = Time spent auto-exploring this place.
 F = Levels seen in this place.
 G = Mean time per level.
                   A        B        C        D        E       F      G
               +--------+--------+--------+--------+--------+-----+--------+
         Total |  13374 |  13150 |    224 |   3290 |   7697 |  10 | 1337.4 |
       Dungeon |  10635 |  10419 |    216 |   1607 |   7340 |   8 | 1329.4 |
        Temple |     88 |     80 |      8 |      0 |     64 |   1 |   88.0 |
        Bailey |   2650 |   2650 |      0 |   1683 |    293 |   1 | 2650.0 |
               +--------+--------+--------+--------+--------+-----+--------+

Top non-repeatable levels by time:
  Bailey: 2650 daAuts
     D:6: 2248 daAuts
     D:4: 1862 daAuts
     D:2: 1571 daAuts
     D:5: 1300 daAuts
     D:7: 1259 daAuts
     D:1: 1121 daAuts
     D:3: 883 daAuts
     D:8: 389 daAuts
  Temple: 88 daAuts
